 Dungeon Crawl Stone Soup version 0.26-a0-808-g930a2b7adc (webtiles) character file.

Game seed: 12849128409957530994

453 ANON1729 the Slasher (level 7, -3/40 HPs)
             Began as an Octopode Chaos Knight on Nov 12, 2020.
             Was a Plaything of Xom.
             Killed from afar by an orc wizard (10 damage)
             ... with a puff of frost
             ... on level 4 of the Dungeon.
             The game lasted 00:04:14 (3981 turns).

ANON1729 the Slasher (Octopode Chaos Knight)        Turns: 3981, Time: 00:04:15

Health: -3/40      AC:  1    Str: 14    XL:     7   Next: 5%
Magic:  7/7        EV: 14    Int: 16    God:    Xom [...*..]
Gold:   123        SH:  0    Dex:  9    Spells: 6/6 levels left

rFire    . . .     SeeInvis .   a - +0 falchion (chaos)
rCold    . . .     Faith    .   (no shield)
rNeg     . . .     Spirit   .   (helmet restricted)
rPois    .         Reflect  .   (no amulet)
rElec    .         Harm     .   j - -4 ring of dexterity (curse)
rCorr    .         Rampage  .   (no ring)
MR       .....     Rnd*Tele +   (no ring)
Stlth    ++........             (no ring)
HPRegen  0.13/turn              (no ring)
MPRegen  0.10/turn              (no ring)
                                (no ring)
                                (no ring)

@: attractive
A: almost no armour, stealthy swim, amphibious, 8 rings, constrict 8, tentacle
spike 1, camouflage 1, agile 1, clever 1, frail 2, teleportitis 1, wild magic 1,
gelatinous body 1, evolution 1
a: Renounce Religion


You were on level 4 of the Dungeon.
You worshipped Xom.
You were a favourite toy of Xom.
You visited 1 branch of the dungeon, and saw 4 of its levels.

You collected 123 gold pieces.

Inventory:

Hand Weapons
 a - a +0 falchion of chaos (weapon)
Jewellery
 j - a cursed -4 ring of dexterity (left tentacle)
Wands
 o - a wand of digging (3)
Scrolls
 g - 3 scrolls of enchant weapon
 h - a scroll of fear
 i - 2 scrolls of teleportation
 m - a scroll of remove curse {unknown}
Potions
 b - a potion of attraction
 e - a potion of heal wounds {unknown}
 f - 2 potions of curing {unknown}
 k - a potion of might {unknown}
 l - a potion of cancellation {unknown}
 n - a potion of magic {unknown}


   Skills:
 + Level 5.0 Fighting
 + Level 5.0 Long Blades
 + Level 4.7 Dodging


You had 6 spell levels left.
You didn't know any spells.
Your spell library was empty.

Dungeon Overview and Level Annotations

Branches:
Dungeon (4/15)
 Temple: D:4-7

Altars:


Innate Abilities, Weirdness & Mutations

You cannot wear most types of armour.
You are very stealthy in the water. (Stealth+)
You are amphibious.
You can wear up to eight rings at the same time.
You can use your tentacles to constrict eight enemies at once.
Your skin changes colour to match your surroundings (Stealth+).
Your rubbery body absorbs attacks. (AC +1, EV +1)
One of your tentacles bears a spike.
You are agile. (Dex +2)
Your mind is acute. (Int +2)
You are very frail. (-20% HP)
You are occasionally teleported next to monsters.
Your spells are a little harder to cast, but a little more powerful.
You evolve.


Message History

You see here a silvery potion.
You hit the orc.
The orc seems to speed up.
You pierce the orc, but do no damage.
The orc is almost dead.
You constrict the orc.
You kill the orc!
You miss something.
Unknown command.
You miss something. You squeeze something! Something hits you.
* * * LOW HITPOINT WARNING * * *
You closely miss something.
Your tentacle spike misses something.
Your squeeze misses something. Something hits you.
* * * LOW HITPOINT WARNING * * *
It was a potion of attraction.
You feel attractive to monsters.
Xom thinks this is hilarious!
You hear some strange, mumbled words.
A puff of frost appears from out of thin air!
The puff of frost hits you!
You die...

#....♣...♣ ##.########
##...♣♣♣ ♣ .......<..#
#..... ##.######.#
#..... # #.# #)... .#
#.# ##.#####.# #####
.......#.##
#...#######..........#
#.#..§§@{o§.# #.#..# #
#.#####§§...# #.#..##
#.# #§##### #..... #.#
#o# #....## #.# #.#
#.!# ..< ..$ ##.# #..
#.# .# #.# .# [#


You could see an orc.

Vanquished Creatures
  A sky beast (D:3)
  Crazy Yiuf (D:3)
  2 orc priests
  Natasha (thrice) (D:3)
  An orc wizard (D:3)
  4 adders
  An ufetubus (D:3)
  2 oozes
  An adder skeleton (D:4)
  A worm (D:3)
  3 dart slugs
  12 orcs
  5 giant cockroaches
  14 goblins
  6 hobgoblins
  4 jackals (D:2)
  5 bats
  4 frilled lizards
  9 kobolds
  7 rats
86 creatures vanquished.

Vanquished Creatures (collateral kills)
  An orc wizard (D:3)
  An orc (D:3)
2 creatures vanquished.

Vanquished Creatures (others)
  2 fungi (D:3)
2 creatures vanquished.

Grand Total: 90 creatures vanquished

Notes
Turn   | Place    | Note
-------+----------+-------------------------------------------
     0 | D:1      | ANON1729 the Octopode Chaos Knight began the quest for the
                  | Orb.
     0 | D:1      | Reached XP level 1. HP: 16/16 MP: 1/1
   115 | D:1      | Reached XP level 2. HP: 21/21 MP: 2/2
   209 | D:1      | XOM: silly message
   444 | D:1      | XOM: potion effect (might)
   453 | D:1      | Reached XP level 3. HP: 12/26 MP: 3/3
   609 | D:1      | XOM: 3-stop teleportation journey
   685 | D:1      | XOM: give mutation
   685 | D:1      | Gained mutation: Your mind is acute. (Int +2) [Xom's grace]
   721 | D:1      | XOM: give mutation
   721 | D:1      | Gained mutation: You are occasionally teleported next to
                  | monsters. [Xom's mischief]
   742 | D:1      | XOM: stat loss: -1 Str (11/12)
  1387 | D:2      | Reached XP level 4. HP: 16/32 MP: 4/4
  1644 | D:2      | XOM: give mutations
  1644 | D:2      | Gained mutation: You are frail. (-10% HP) [Xom's mischief]
  1644 | D:2      | Gained mutation: One of your tentacles bears a spike.
                  | [Xom's mischief]
  1644 | D:2      | Gained mutation: You are very frail. (-20% HP) [Xom's
                  | mischief]
  1849 | D:2      | XOM: summons 3 hostile demons
  2107 | D:2      | XOM: give mutations
  2107 | D:2      | Gained mutation: You evolve. [Xom's grace]
  2107 | D:2      | Gained mutation: You are agile. (Dex +2) [Xom's grace]
  2107 | D:2      | Gained mutation: Your spells are a little harder to cast,
                  | but a little more powerful. [Xom's grace]
  2187 | D:3      | Noticed Natasha
  2193 | D:3      | Killed Natasha
  2193 | D:3      | Reached XP level 5. HP: 8/29 MP: 5/5
  2460 | D:3      | XOM: god gift: 5 atropa-tipped darts
  2484 | D:3      | Found a faded altar of an unknown god.
  2819 | D:3      | Noticed a sky beast
  2832 | D:3      | Killed a sky beast
  2832 | D:3      | Reached XP level 6. HP: 16/35 MP: 6/6
  3098 | D:3      | Noticed Natasha
  3104 | D:3      | Killed Natasha
  3349 | D:3      | XOM: silly message
  3540 | D:3      | Found a runed translucent door.
  3540 | D:3      | Noticed Natasha
  3541 | D:3      | Noticed Crazy Yiuf
  3553 | D:3      | Killed Crazy Yiuf
  3561 | D:3      | XOM: enchant monster (bad)
  3567 | D:3      | Killed Natasha
  3879 | D:4      | XOM: 4-stop teleportation journey
  3881 | D:4      | Reached skill level 5 in Long Blades
  3915 | D:4      | Reached XP level 7. HP: 39/39 MP: 7/7
  3924 | D:4      | Reached skill level 5 in Fighting
  3973 | D:4      | XOM: fog
  3981 | D:4      | Killed from afar by an orc wizard

Illustrated notes

Levels and vault maps discovered:
D:1:      eino_arrival_cavern_e, layout_basic, serial_corexii_hall,
          corexii_hall_statues_i, corexii_hall_statues_t, corexii_hall_statues_i
D:2:      layout_loops_ring
D:3:      cheibrodos_pilgrimage, layout_rooms, chequers_ecumenical_altar_island,
          uniq_crazy_yiuf_cottage, uniq_natasha
D:4:      lemuel_upstairs_altar, layout_loops_ring, serial_shops, shop,
          kennysheep_potato

Skill      XL: |  1  2  3  4  5  6  7 |
---------------+----------------------+-----
Dodging        | 3 4 |  4.7
Fighting       | 4 5 |  5.0
Long Blades    | 4 5 |  5.0

Action                   |  1- 3 |  4- 6 |  7- 9 || total
-------------------------+-------+-------+-------++-------
Melee: Falchion          |    66 |    95 |    18 ||   179
       Constrict         |    13 |    24 |     3 ||    40
       Tentacles         |     7 |    18 |     3 ||    28
       Kick              |       |    33 |     5 ||    38
       Unarmed           |       |    16 |       ||    16
  Use: Scroll            |       |     4 |       ||     4
       Potion            |       |       |     1 ||     1
 Stab: Sleeping          |     4 |     6 |       ||    10
       Paralysed         |       |     2 |       ||     2
       Petrified         |       |     2 |       ||     2
Armor: Skin              |     3 |     7 |     1 ||    11
Dodge: Dodged            |    34 |    72 |     7 ||   113
       Rpst.: Falchion   |     9 |    16 |     3 ||    28

Table legend: (Time is in decaauts)
 A = Elapsed time spent in this place.
 B = Non-inter-level travel time spent in this place.
 C = Inter-level travel time spent in this place.
 D = Time resting spent in this place.
 E = Time spent auto-exploring this place.
 F = Levels seen in this place.
 G = Mean time per level.
                   A        B        C        D        E       F      G
               +--------+--------+--------+--------+--------+-----+--------+
         Total |   3997 |   3880 |    117 |   1386 |   1967 |   4 |  999.2 |
       Dungeon |   3997 |   3880 |    117 |   1386 |   1967 |   4 |  999.2 |
               +--------+--------+--------+--------+--------+-----+--------+

Top non-repeatable levels by time:
     D:3: 1466 daAuts
     D:2: 1416 daAuts
     D:1: 1009 daAuts
     D:4: 104 daAuts
